 Dungeon Crawl Stone Soup version 0.21.0-24-g2553a33 (webtiles) character file.

702 tidbits the Cutter (level 7, -4/60 HPs)
             Began as a Gnoll Wanderer on Jan 19, 2018.
             Slain by a two-headed ogre
             ... wielding a +0 giant spiked club
              (36 damage)
             ... on level 8 of the Dungeon.
             The game lasted 00:07:48 (949 turns).

tidbits the Cutter (Gnoll Wanderer)                  Turns: 949, Time: 00:07:49

Health: -4/60      AC:  5    Str: 14    XL:     7   Next: 66%
Magic:  10/10      EV: 12    Int: 16    God:
Gold:   204        SH:  5    Dex: 15    Spells: 11/11 levels left

rFire    . . .     SeeInvis .   c - 3 rations
rCold    + . .     Gourm    .   D - +0 buckler
rNeg     . . .     Faith    .   B - +1 leather armour {rC+}
rPois    .         Spirit   .   (no helmet)
rElec    .         Reflect  .   (no cloak)
rCorr    .         Harm     .   (no gloves)
MR       .....                  F - +0 pair of boots
Stlth    +++.......             (no amulet)
HPRegen  0.20/turn              (no ring)
MPRegen  0.12/turn              (no ring)

@: no status effects
A: distributed training, fangs 1, strong nose
a: no special abilities


You were on level 8 of the Dungeon.
You were very full.

You visited 1 branch of the dungeon, and saw 8 of its levels.

You collected 324 gold pieces.
You spent 120 gold pieces at shops.

Inventory:

Hand Weapons
 a - a +2 short sword
 b - a +0 dagger
 i - a +0 dagger
 o - a +0 shortbow
 p - a +0 war axe
Missiles
 f - 2 throwing nets {!f}
 j - 2 stones (quivered)
 m - 12 tomahawks
 r - 24 arrows
Armour
 t - a +0 robe
 B - a +1 leather armour of cold resistance (worn)
   (You took it off Eustachio on level 6 of the Dungeon)
 D - a +0 buckler (worn)
 F - a +0 pair of boots (worn)
Wands
 d - a wand of digging (14)
 l - a wand of iceblast (11)
Scrolls
 e - 3 scrolls of teleportation
 g - 2 scrolls of remove curse
 h - 2 scrolls of fog
 n - 2 scrolls of fear
Potions
 k - a potion of might
Books
 q - a book of Clouds
   (You found it on level 7 of the Dungeon)

   Spells                             Type                      Level
   a - Poisonous Vapours              Poison/Air                   2
   b - Mephitic Cloud                 Conjuration/Poison/Air       3
   c - Conjure Flame                  Conjuration/Fire             3
   d - Freezing Cloud                 Conjuration/Ice/Air          6
   e - Ring of Flames                 Charms/Fire                  7
Comestibles
 c - 3 rations (in hand)


   Skills:
 + Level 7.1 Fighting
 + Level 7.1 Short Blades
 + Level 2.6 Long Blades
 + Level 2.6 Axes
 + Level 2.6 Maces & Flails
 + Level 3.7 Polearms
 + Level 2.6 Staves
 + Level 2.6 Slings
 + Level 2.6 Bows
 + Level 2.6 Crossbows
 + Level 2.6 Throwing
 + Level 2.6 Armour
 + Level 2.6 Dodging
 + Level 5.0 Stealth
 + Level 2.6 Shields
 + Level 2.6 Unarmed Combat
 + Level 2.6 Spellcasting
 + Level 2.1 Conjurations
 + Level 2.1 Hexes
 + Level 2.1 Charms
 + Level 2.1 Summonings
 + Level 2.1 Necromancy
 + Level 2.1 Translocations
 + Level 2.1 Transmutations
 + Level 2.1 Fire Magic
 + Level 2.1 Ice Magic
 + Level 2.1 Air Magic
 + Level 2.1 Earth Magic
 + Level 2.1 Poison Magic
 + Level 2.9 Invocations
 + Level 3.7 Evocations


You had 11 spell levels left.
You didn't know any spells.

Dungeon Overview and Level Annotations

Branches:
Dungeon (8/15)
 Temple: D:4-7         Lair: D:8-11

Altars:
Wu Jian
Yredelemnul
The Shining One

Shops:
D:6 ?


Innate Abilities, Weirdness & Mutations

Your experience applies equally to all skills.
You have very sharp teeth.
Your uncanny sense of smell can sniff out nearby items.


Message History

You feel a little less mighty now.
Things that are here:
a falchion; a dyed leather armour; a wand of digging (14)
s - a dyed leather armour;
t - a wand of digging (14)
You see here 7 gold pieces.
You now have 275 gold pieces (gained 7).
There is an entrance to Xavvet's Magic Scroll Shoppe here.
g - 2 scrolls of remove curse (gained 1)
e - 3 scrolls of teleportation (gained 1)
h - 2 scrolls of fog (gained 1) Thank you for shopping at Xavvet's Magic Scroll Shoppe!
Okay, then.
Okay, then.
Okay, then.
You can access your shopping list by pressing '$'.
You see here 14 gold pieces.
You now have 169 gold pieces (gained 14).
There is an entrance to Xavvet's Magic Scroll Shoppe here.
You see here 15 gold pieces.
You now have 184 gold pieces (gained 15).
A hobgoblin comes into view.
The hobgoblin moves out of view.
You see here 13 gold pieces.
You now have 197 gold pieces (gained 13).
You see here 7 gold pieces.
You now have 204 gold pieces (gained 7).
There is a stone staircase leading up here.
You climb upwards.
There is a stone staircase leading down here.
Unknown command.
A jelly comes into view.
Evoke which item? (* to show all) (? for menu, Esc to quit)
Okay, then.
Adjust (i)tems, (s)pells, or (a)bilities?
Adjust which item? (? for menu, Esc to quit)
t - a wand of digging (14) Adjust to which letter? (? for menu, Esc to quit)
d - a wand of digging (14);
t - a +0 robe (worn)
There is a stone staircase leading down here.
You climb downwards.
There is a stone staircase leading up here.
Unknown command.
Found a pair of boots.
You see here a pair of boots.
u - a pair of boots Wear which item? (? for menu, Esc to quit)
You start putting on your armour.
You continue putting on your pair of boots. x4
You finish putting on your +0 pair of boots.
Adjust (i)tems, (s)pells, or (a)bilities?
Adjust which item? (? for menu, Esc to quit)
u - a +0 pair of boots (worn)
Adjust to which letter? (? for menu, Esc to quit)
F - a +0 pair of boots (worn)
Search for what [? for help]? armour Wear which item? (? for menu, Esc to quit)
You start removing your armour.
You continue taking off your +0 robe. x4
You finish taking off your +0 robe.
You start putting on your armour.
You continue putting on your dyed leather armour. x5
You finish putting on your +1 leather armour of cold resistance.
You feel resistant to cold.
Adjust (i)tems, (s)pells, or (a)bilities?
Adjust which item? (? for menu, Esc to quit)
s - a +1 leather armour of cold resistance (worn)
Adjust to which letter? (? for menu, Esc to quit)
B - a +1 leather armour of cold resistance (worn)
There is a stone staircase leading down here.
You climb downwards.
There is a stone staircase leading up here.
Unknown command.
There is a stone staircase leading down here.
You climb downwards. 5 gnolls, 5 orcs and an ogre come into view.
An orc warrior is wielding a long sword of flaming.
A gnoll sergeant is wielding a vampiric spear.
The orc shouts! x2; The gnoll shouts! x2; The gnoll sergeant shouts!
The gnoll shouts!
Found 29 gold pieces and 22 stones.
Found a stone staircase leading down.
There is a stone staircase leading up here.
Unknown command.
The orc shouts!
The gnoll shouts!
You hear a loud, deep croak!
There is a stone staircase leading down here.
Unknown command.
A bullfrog comes into view.
There is a stone staircase leading up here.
The orc warrior shouts!
The orc priest shouts!
The ogre shouts!
You hear an angry growl.
You climb upwards.
There is a stone staircase leading down here.
Unknown command.
You see here a bullfrog corpse.
There is a stone staircase leading down here.
You climb downwards.
A two-headed ogre comes into view.
It is wielding a giant spiked club and a giant club.
Found a stone staircase leading up.
There is a stone staircase leading up here.
The two-headed ogre shouts in stereo!
The two-headed ogre hits you with a giant spiked club!!!
Ouch! That really hurt!
You die...

#.... #....
#....
##....####
#........#####
##...........<#
.........O....#
.#......@.....#
..............#
#............#
#.....<....###
##........##
#..........#
#..........#
#..........#
#..........#


You could see a two-headed ogre.

Vanquished Creatures
  Eustachio (D:6)
  An ogre (D:6)
  A centaur (D:7)
  3 bullfrogs
  A crimson imp (D:6)
  A howler monkey (D:6)
  A hound (D:4)
  An iguana (D:7)
  5 gnolls (D:6)
  An adder (D:3)
  An adder skeleton (D:4)
  5 orcs
  A bat (D:1)
  2 giant cockroaches
  3 goblins
  A hobgoblin (D:2)
  3 kobolds
  A ball python (D:3)
  2 frilled lizards (D:3)
  3 rats
  3 toadstools (D:1)
41 creatures vanquished.

Notes
Turn   | Place    | Note
-------+----------+-------------------------------------------
     0 | D:1      | tidbits the Gnoll Wanderer began the quest for the Orb.
     0 | D:1      | tidbits set off with: a +2 short sword, a scroll of teleportation, a potion of lignification, a +0 robe, a +0 dagger, a ration
     0 | D:1      | Reached XP level 1. HP: 23/23 MP: 2/2
   219 | D:2      | Reached XP level 2. HP: 29/29 MP: 3/3
   307 | D:4      | Reached skill level 1 in Invocations
   307 | D:4      | Reached XP level 3. HP: 25/35 MP: 4/4
   327 | D:5      | Entered Level 5 of the Dungeon
   347 | D:4      | Reached skill level 1 in Long Blades
   347 | D:4      | Reached skill level 1 in Axes
   347 | D:4      | Reached skill level 1 in Maces & Flails
   347 | D:4      | Reached skill level 1 in Staves
   347 | D:4      | Reached skill level 1 in Slings
   347 | D:4      | Reached skill level 1 in Bows
   347 | D:4      | Reached skill level 1 in Crossbows
   347 | D:4      | Reached skill level 1 in Throwing
   347 | D:4      | Reached skill level 1 in Armour
   347 | D:4      | Reached skill level 1 in Dodging
   347 | D:4      | Reached skill level 1 in Shields
   347 | D:4      | Reached skill level 1 in Unarmed Combat
   347 | D:4      | Reached skill level 1 in Spellcasting
   359 | D:4      | Found a glowing golden altar of the Shining One.
   408 | D:3      | Reached XP level 4. HP: 37/41 MP: 6/6
   424 | D:3      | Found a basalt altar of Yredelemnul.
   588 | D:4      | Found an ornate altar of the Wu Jian Council.
   624 | D:5      | Noticed an ice beast
   639 | D:6      | Noticed an ogre
   659 | D:6      | Reached skill level 1 in Conjurations
   659 | D:6      | Reached skill level 1 in Hexes
   659 | D:6      | Reached skill level 1 in Charms
   659 | D:6      | Reached skill level 1 in Summonings
   659 | D:6      | Reached skill level 1 in Necromancy
   659 | D:6      | Reached skill level 1 in Translocations
   659 | D:6      | Reached skill level 1 in Transmutations
   659 | D:6      | Reached skill level 1 in Fire Magic
   659 | D:6      | Reached skill level 1 in Ice Magic
   659 | D:6      | Reached skill level 1 in Air Magic
   659 | D:6      | Reached skill level 1 in Earth Magic
   659 | D:6      | Reached skill level 1 in Poison Magic
   678 | D:7      | Reached XP level 5. HP: 43/47 MP: 7/7
   719 | D:7      | Reached skill level 3 in Polearms
   719 | D:7      | Reached skill level 3 in Evocations
   735 | D:7      | Noticed a centaur
   743 | D:7      | Killed a centaur
   743 | D:7      | Reached skill level 2 in Invocations
   743 | D:7      | Reached XP level 6. HP: 36/53 MP: 8/8
   754 | D:7      | Reached skill level 2 in Long Blades
   754 | D:7      | Reached skill level 2 in Axes
   754 | D:7      | Reached skill level 2 in Maces & Flails
   754 | D:7      | Reached skill level 2 in Staves
   754 | D:7      | Reached skill level 2 in Slings
   754 | D:7      | Reached skill level 2 in Bows
   754 | D:7      | Reached skill level 2 in Crossbows
   754 | D:7      | Reached skill level 2 in Throwing
   754 | D:7      | Reached skill level 2 in Armour
   754 | D:7      | Reached skill level 2 in Dodging
   754 | D:7      | Reached skill level 2 in Shields
   754 | D:7      | Reached skill level 2 in Unarmed Combat
   754 | D:7      | Reached skill level 2 in Spellcasting
   788 | D:6      | Found Xavvet's Magic Scroll Shoppe.
   795 | D:6      | HP: 7/79 [gnoll/club (2)]
   801 | D:6      | HP: 3/79 [crimson imp (1)]
   802 | D:6      | Reached XP level 7. HP: 4/59 MP: 10/10
   818 | D:6      | Reached skill level 7 in Fighting
   818 | D:6      | Reached skill level 7 in Short Blades
   842 | D:6      | Noticed Eustachio
   845 | D:6      | Killed Eustachio
   845 | D:6      | Reached skill level 5 in Stealth
   845 | D:6      | Reached skill level 2 in Conjurations
   845 | D:6      | Reached skill level 2 in Hexes
   845 | D:6      | Reached skill level 2 in Charms
   845 | D:6      | Reached skill level 2 in Summonings
   845 | D:6      | Reached skill level 2 in Necromancy
   845 | D:6      | Reached skill level 2 in Translocations
   845 | D:6      | Reached skill level 2 in Transmutations
   845 | D:6      | Reached skill level 2 in Fire Magic
   845 | D:6      | Reached skill level 2 in Ice Magic
   845 | D:6      | Reached skill level 2 in Air Magic
   845 | D:6      | Reached skill level 2 in Earth Magic
   845 | D:6      | Reached skill level 2 in Poison Magic
   857 | D:6      | Bought a scroll of remove curse for 45 gold pieces
   857 | D:6      | Bought a scroll of teleportation for 45 gold pieces
   857 | D:6      | Bought a scroll of fog for 30 gold pieces
   946 | D:8      | Noticed a two-headed ogre
   949 | D:8      | Slain by a two-headed ogre

Skill      XL: |  1  2  3  4  5  6  7 |
---------------+----------------------+-----
Invocations    | 1 2 |  2.9
Long Blades    | 1 2 |  2.6
Axes           | 1 2 |  2.6
Maces & Flails | 1 2 |  2.6
Staves         | 1 2 |  2.6
Slings         | 1 2 |  2.6
Bows           | 1 2 |  2.6
Crossbows      | 1 2 |  2.6
Throwing       | 1 2 |  2.6
Armour         | 1 2 |  2.6
Dodging        | 1 2 |  2.6
Shields        | 1 2 |  2.6
Unarmed Combat | 1 2 |  2.6
Spellcasting   | 1 2 |  2.6
Conjurations   | 1 2 |  2.1
Hexes          | 1 2 |  2.1
Charms         | 1 2 |  2.1
Summonings     | 1 2 |  2.1
Necromancy     | 1 2 |  2.1
Translocations | 1 2 |  2.1
Transmutations | 1 2 |  2.1
Fire Magic     | 1 2 |  2.1
Ice Magic      | 1 2 |  2.1
Air Magic      | 1 2 |  2.1
Earth Magic    | 1 2 |  2.1
Poison Magic   | 1 2 |  2.1
Polearms       | 3 |  3.7
Evocations     | 3 |  3.7
Fighting       | 7 |  7.1
Short Blades   | 7 |  7.1
Stealth        | 5 |  5.0

Action                   |  1- 3 |  4- 6 |  7- 9 || total
-------------------------+-------+-------+-------++-------
Melee: Short sword       |    42 |    36 |       ||    78
       Bite              |     2 |       |       ||     2
       Unarmed           |       |     4 |     5 ||     9
Evoke: Wand              |       |     2 |     6 ||     8
  Use: Scroll            |       |     1 |     1 ||     2
       Potion            |       |     3 |       ||     3
 Stab: Sleeping          |     5 |     1 |       ||     6
  Eat: Ration            |     1 |     1 |       ||     2
Armor: Robe              |    10 |     3 |       ||    13
       Skin              |       |    17 |     2 ||    19
Dodge: Dodged            |    17 |    17 |     1 ||    35
Block: Buckler           |     5 |     2 |       ||     7

Table legend:
 A = Turns spent in this place as a percentage of turns spent in the entire game.
 B = Non-inter-level travel turns spent in this place as a percentage of non-inter-level travel turns spent in the entire game.
 C = Inter-level travel turns spent in this place as a percentage of turns spent in this place.
 D = Turns resting spent in this place as a percentage of non-inter-level travel turns spent in this place.
 E = Turns spent auto-exploring this place as a percentage of non-inter-level travel turns spent in this place.
 F = Non-inter-level travel turns spent in this place divided by the number of levels of this place that you've seen.
                   A       B       C       D       E      F
               +-------+-------+-------+-------+-------+----------------------
         Total | 100.0 | 100.0 |   0.9 |   0.0 |   0.0 | 117.5
       Dungeon | 100.0 | 100.0 |   0.9 |   0.0 |   0.0 | 117.5
               +-------+-------+-------+-------+-------+----------------------

Table legend:
 A = Kills in this place as a percentage of kills in entire the game.
 B = Kills by you in this place as a percentage of kills by you in the entire game.
 C = Kills by friends in this place as a percentage of kills by friends in the entire game.
 D = Other kills in this place as a percentage of other kills in the entire game.
 E = Experience gained in this place as a percentage of experience gained in the entire game.
 F = Experience gained in this place divided by the number of levels of this place that you have seen.
                   A       B       C       D       E      F
               +-------+-------+-------+-------+-------+----------------------
         Total | 100.0 | 100.0 |   N/A |   N/A | 100.0 | 125.5
       Dungeon | 100.0 | 100.0 |   N/A |   N/A | 100.0 | 125.5
               +-------+-------+-------+-------+-------+----------------------

Vault maps used:
D:1:      ldierk_water_garden, hex_large
D:2:      uniq_sigmund
D:3:      lemuel_doored_altar, first_ration
D:4:      nicolae_overflow_crystal_walls, nicolae_gozag_seed_capital,
          minmay_temple_entry_junction, tso_metal_star
D:5:      grunt_temple_overflow_open, trog_book
D:6:      kennysheep_housing_project, serial_shops, kennysheep_mini,
          nicolae_shop_competitors_out_of_business, nicolae_shop_stone,
          shop_coins, uniq_menkaure, uniq_eustachio
D:7:      uniq_crazy_yiuf_cottage, uniq_duvessa
D:8:      marbit_many_paths, cheibrodos_ashenzari_chains,
          due_lair_maze_entry_diamond
